 Dungeon Crawl Stone Soup version 0.29.1-1-gd02db6906a (webtiles) character file.

Game seed: 7270151573613725924

75 Descartes the Shooter (level 4, -2/24 HPs)
             Began as a Deep Elf Wanderer on Sept 16, 2022.
             Slain by Prince Ribbit (10 damage)
             ... on level 5 of the Dungeon.
             The game lasted 00:06:43 (1903 turns).

Descartes the Shooter (Deep Elf Wanderer)           Turns: 1903, Time: 00:06:44

Health: -2/24      AC:  7    Str: 11    XL:     4   Next: 11%
Magic:  9/9        EV:  8    Int: 19    God:
Gold:   157        SH:  0    Dex: 12    Spells: 3/7 levels left

rFire   . . .      SeeInvis .   a - +2 sling
rCold   . . .      Faith    .   (no shield)
rNeg    . . .      Spirit   .   b - +0 scale mail
rPois   .          Reflect  .   r - +1 hat
rElec   .          Harm     .   (no cloak)
rCorr   .          Rampage  .   (no gloves)
Will    .....                   (no boots)
Stlth   ..........              (no amulet)
HPRegen 0.08/turn               f - ring of wizardry
MPRegen 0.11/turn               (no ring)

@: no status effects
A: no striking features
a: no special abilities


You were on level 5 of the Dungeon.
You visited 1 branch of the dungeon, and saw 5 of its levels.

You collected 157 gold pieces.

Inventory:

Hand Weapons
 a - a +2 sling (weapon)
 e - a +0 dagger
Missiles
 d - 41 stones
 q - 5 boomerangs
 v - 3 poisoned darts
Armour
 b - a +0 scale mail (worn)
 r - a +1 hat (worn)
Jewellery
 f - a ring of wizardry (left hand)
 w - an amulet of regeneration
Wands
 y - a wand of charming (12)
Scrolls
 c - a scroll of blinking
 g - a scroll of enchant weapon {unknown}
 i - a scroll of magic mapping {unknown}
 j - 2 scrolls of identify {unknown}
 k - a scroll of immolation {unknown}
 m - a scroll of amnesia {unknown}
 n - 3 scrolls of fog {unknown}
 o - a scroll of teleportation {unknown}
 p - a scroll of vulnerability {unknown}
 x - a scroll of summoning {unknown}
Potions
 h - 2 potions of curing {unknown}
 l - 2 potions of flight {unknown}
 s - 2 potions of invisibility {unknown}
 t - a potion of brilliance {unknown}
 u - a potion of heal wounds {unknown}


   Skills:
 - Level 4.0 Ranged Weapons
 - Level 1.0 Throwing
 + Level 2.6 Armour
 + Level 1.2 Dodging
 + Level 1.3 Stealth
 + Level 2.2 Spellcasting
 * Level 1.6 Conjurations
 + Level 3.3 Hexes
 + Level 0.3 Translocations
 * Level 1.4 Earth Magic


You had 3 spell levels left.
You knew the following spells:

 Your Spells              Type           Power      Damage    Failure   Level
a - Slow                  Hex            56%        N/A       10%         1
b - Stone Arrow           Conj/Erth      14%        3d7       50%         3

Your spell library contained the following spells:

 Spells                   Type           Power      Damage    Failure   Level
 Dazzling Flash           Conj/Hex       22%        N/A       38%         3
 Animate Armour           Summ/Erth      8%         N/A       93%         4
 Lehudib's Crystal Spear  Conj/Erth      3%         10d3      100%        8


Dungeon Overview and Level Annotations

Branches:
Dungeon (6/15)
 Temple: D:4-7

Altars:

Annotations:
D:5 Prince Ribbit


Message History

The quokka is heavily wounded.
The quokka barely misses you.
You shoot a sling bullet. The sling bullet hits the quokka.
The quokka is severely wounded.
The quokka bites you but does no damage.
The quokka bites you.
You shoot a sling bullet.
The sling bullet barely misses the quokka.
The quokka closely misses you. The quokka barely misses you.
You shoot a sling bullet.
The sling bullet closely misses the quokka.
The quokka bites you but does no damage. x2
You shoot a sling bullet. The sling bullet hits the quokka.
You kill the quokka!
No target in view!
No target in view!
HP restored.
Found a stone staircase leading up.
d - 41 stones (gained 4)
You now have 157 gold pieces (gained 15).
Found a leather armour.
Prince Ribbit comes into view.
You see here a wand of charming (13).
y - a wand of charming (13)
You shoot a sling bullet.
The sling bullet closely misses Prince Ribbit.
Prince Ribbit barely misses you. Prince Ribbit closely misses you.
You shoot a sling bullet.
The sling bullet closely misses Prince Ribbit.
Prince Ribbit hits you! Prince Ribbit hits you.
You are too injured to fight recklessly!
You are too injured to fight recklessly!
You are too injured to fight recklessly!
Unknown command.
You are too injured to fight recklessly!
Aiming: Charm
Press: ? - help, Shift-Dir - straight line, f/p - Prince Ribbit
Aim: Prince Ribbit (chance to affect: 31%) Prince Ribbit easily resists.
Prince Ribbit hits you!
You die...

P..P... ....... ..
.#.#.# .....P.
#.#..... .......
....... . .......
#..... .. .....P.
#.... ... ..$....##
#... ....
P..P....####..# .....
...........#.@#.....#
...........#..F..[...
###........#..#......
#...........###....
#........##.# ...
##........### ..
#.........# .
#.........#
#......<..#


You could see Prince Ribbit.

Vanquished Creatures
  2 adders (D:2)
  2 worms (D:2)
  2 dart slugs
  4 bats
  8 endoplasms
  2 goblins (D:2)
  2 hobgoblins
  4 jackals (D:1)
  2 quokkas
  3 ball pythons
  6 frilled lizards
  3 kobolds
  6 rats
46 creatures vanquished.

Notes
Turn   | Place    | Note
-------+----------+-------------------------------------------
     0 | D:1      | Descartes the Deep Elf Wanderer began the quest for the
                  | Orb.
     0 | D:1      | Descartes set off with the following items: a +2 sling, a
                  | +0 scale mail, a scroll of blinking; and the following
                  | spell memorised: Slow; and the following spells available
                  | to memorise: Dazzling Flash.
     0 | D:1      | Reached XP level 1. HP: 10/10 MP: 5/5
   131 | D:1      | Reached XP level 2. HP: 15/15 MP: 6/6
   582 | D:1      | Reached skill level 1 in Dodging
   678 | D:2      | Reached skill level 1 in Earth Magic
   681 | D:2      | Reached XP level 3. HP: 19/19 MP: 7/7
   685 | D:2      | Learned a level 3 spell: Stone Arrow
   700 | D:2      | Reached skill level 1 in Conjurations
   918 | D:2      | Reached skill level 1 in Stealth
  1628 | D:2      | Reached XP level 4. HP: 24/24 MP: 9/9
  1815 | D:3      | You fall into a shaft and drop 3 floors!
  1851 | D:6      | Noticed a scorpion
  1857 | D:5      | Entered Level 5 of the Dungeon
  1898 | D:5      | Noticed Prince Ribbit
  1903 | D:5      | Slain by Prince Ribbit

Illustrated notes

Levels and vault maps discovered:
D:1:      heliophobic_arrival_glass_houses, layout_basic,
          corexii_item_surrounded_by_moat, minmay_hexomino_u4
D:2:      layout_rooms, chequers_decorated_corner,
          nicolae_concentric_dashed_squares_mild
D:3:      layout_loops_ring, elyvilon_altar_4
D:5:      layout_basic, mainiacjoe_overflow_catwalk, minmay_misc_feat_plants,
          uniq_prince_ribbit1, uniq_blork_the_orc
D:6:      kennysheep_spiral_hall, layout_loops_ring, minmay_misc_feat_rows,
          uniq_grinder

Skill      XL: |  1  2  3 |
---------------+----------+-----
Hexes          | 3 |  3.3
Dodging        | 1 |  1.2
Earth Magic    | 1 |  1.4
Conjurations   | 1 |  1.6
Stealth        | 1 |  1.3
Spellcasting   | 2 |  2.2
Ranged Weapons | |  4.0
Throwing       | |  1.0
Armour         | |  2.6
Translocations | |  0.3

Action                   |  1- 3 |  4- 6 || total
-------------------------+-------+-------++-------
Melee: Dagger            |     7 |       ||     7
 Fire: Sling             |   127 |    17 ||   144
 Cast: Slow              |     2 |       ||     2
Evoke: Wand              |       |     1 ||     1
Armor: Scale mail        |    35 |     4 ||    39
Dodge: Dodged            |    35 |     9 ||    44
